 Dungeon Sprint DCSS version 0.19-a0-1851-g3228ea0 (webtiles) character file.

585772 Loading the Swordmaster (level 21, 183/183 HPs)
             Began as a High Elf Fighter on Oct 10, 2016.
             Was the Champion of Qazlal.
             Escaped with the Orb!
             The game lasted 00:38:39 (6718 turns).

Loading the Swordmaster (High Elf Fighter)          Turns: 6718, Time: 00:38:39

Health: 183/183    AC: 56    Str: 15    XL:     21   Next: 46%
Magic:  46/46      EV: 15    Int: 12    God:    Qazlal [******]
Gold:   0          SH: 49    Dex: 33    Spells: 0 memorised, 71 levels left

rFire  + . .     SeeInvis +     O - +9 sword of Zonguldrok {reap}
rCold  + . .     Gourm    .     l - +5 gold dragon scales
rNeg   + . .     Faith    .     K - +18 shield of the Gong {rElec rN+ MR+ EV-5}
rPois  +         Spirit   .     a - +2 helmet {SInv}
rElec  +         Dismiss  .     c - +1 cloak {MR+}
rCorr  +         Reflect  +     B - +3 pair of gloves of the Stag {rCorr SInv}
MR     ++++.     Harm     .     D - +2 pair of boots of the Assassin {DetectMon Stab+ Stlth++}
Stlth  +......... NoTele   +    R - +3 amulet of reflection
                                G - ring of Robustness {AC+8}
                                y - +6 ring of dexterity

@: repel missiles
A: deterioration 1, low mp 1
a: Upheaval, Elemental Force, Disaster Area, Renounce Religion
0: Orb of Zot


You escaped.
You worshipped Qazlal.
Qazlal was exalted by your worship.
You were full.

You visited 1 branch

Inventory:

Hand Weapons
 M - the +14 plutonium sword {*Contam Stlth-}
   (You found it in the Dungeon)

   It causes magical contamination when unequipped.
   It makes you less stealthy.
 N - the +0 sword of Power
   (You found it in the Dungeon)
 O - the +9 sword of Zonguldrok (weapon) {reap}
   (You found it in the Dungeon)

   If a monster killed with it leaves a corpse in good enough shape, the corpse
   will be animated as a zombie friendly to the killer.
 P - a +9 demon blade of freezing
Armour
 a - a +2 helmet of see invisible (worn)
 c - a +1 cloak of magic resistance (worn)
 l - +5 gold dragon scales (worn)
 B - the +3 pair of gloves of the Stag (worn) {rCorr SInv}
   (You found it in the Dungeon)

   It lets you see invisible.
   It protects you from acid and corrosion.
 D - the +2 pair of boots of the Assassin (worn) {DetectMon Stab+ Stlth++}
   (You found it in the Dungeon)

   It makes you much more stealthy.
 K - the +18 shield of the Gong (worn) {rElec rN+ MR+ EV-5}
   (You found it in the Dungeon)

   It affects your evasion (-5).
   It insulates you from electricity.
   It protects you from negative energy.
   It affects your resistance to hostile enchantments.
Jewellery
 y - a +6 ring of dexterity (left hand)
 C - the ring of New Discoveries {rCorr +Blink rElec rF- SInv}
   (You found it in the Dungeon)

   [ring of resist corrosion]

   It makes you vulnerable to fire.
   It insulates you from electricity.
   It lets you see invisible.
   It lets you blink.
 E - a +2 amulet of reflection
 F - the amulet "Naogaodda" {*Drain rC+ Regen+ Str+2}
   (You took it off a naga mage in the Dungeon)

   [amulet of regeneration]

   It affects your strength (+2).
   It protects you from cold.
   It increases your rate of regeneration.
   It causes draining when unequipped.
 G - the ring of Robustness (right hand) {AC+8}
   (You found it in the Dungeon)

   [ring of protection]

   It affects your AC (+8).
 H - a +6 ring of slaying
 R - a +3 amulet of reflection (around neck)
Scrolls
 b - 3 scrolls of brand weapon
 k - a scroll of blinking
 p - 8 scrolls of enchant weapon
 r - 4 scrolls of amnesia
 s - 4 scrolls of recharging
 t - 7 scrolls of fog
 u - a scroll of holy word
 v - 4 scrolls of identify
 w - 5 scrolls of remove curse
 x - 2 scrolls of fear
Potions
 d - 3 potions of might
 e - 8 potions of curing
 g - 6 potions of heal wounds
 h - 4 potions of haste
 i - 5 potions of magic
 j - 3 potions of berserk rage
 m - 2 potions of brilliance
 n - a potion of ambrosia
 o - 4 potions of resistance
 q - 4 potions of agility
Comestibles
 f - 5 bread rations
 z - 21 fruits
 A - 4 meat rations


   Skills:
 O Level 27 Fighting
 O Level 27 Long Blades
 O Level 27 Armour
 O Level 27 Dodging
 O Level 27 Stealth
 O Level 27 Shields
 + Level 25.8 Spellcasting
 O Level 27 Invocations
 O Level 27 Evocations


You had 71 spell levels left.
You didn't know any spells.

Dungeon Overview and Level Annotations

Branches:
Dungeon (1/1)

Altars:
Ashenzari
Cheibriados
Dithmenos
Elyvilon
Fedhas
Gozag
Hepliaklqana
Kikubaaqudgha
Makhleb
Nemelex Xobeh
Okawaru
Qazlal
Ru
Sif Muna
Trog
Uskayaw
Vehumet
Xom
Yredelemnul
Zin
The Shining One
Beogh
Jiyva
Lugonu


Innate Abilities, Weirdness & Mutations

Your body sometimes deteriorates upon taking damage.
Your magical capacity is low. (-10% MP)


Message History

HP restored.
You start eating one of the 3 royal jellies.
You continue eating. x2
You finish eating.
That royal jelly was delicious!
You start eating one of the 2 royal jellies.
You continue eating. x2
You finish eating.
That royal jelly was delicious!
You start eating the royal jelly.
You continue eating. x2
You finish eating.
That royal jelly was delicious!
You start waiting.
An exit appears before you!
Your surroundings seem different!
Found the Orb of Zot.
Found a staircase leading out of the dungeon.
You see here the Orb of Zot.
You pick up the Orb of Zot!
The Orb lets out a hideous shriek!
The lords of Pandemonium are not amused.
Beware!
Now all you have to do is get back out of the dungeon!
There is a staircase leading out of the dungeon here.
You have escaped!

............▓..▓.......▓..▓...8©8
............▓.▓.▓.....▓.▓.▓......
............▓..▓.......▓..▓......
............▓.............▓......
............▓.............▓......
............▓▓▓▓▓▓▓▓▓▓▓▓▓▓▓......
............▓8888888888888▓......
▓.......▓...▓8.....§.....8▓..▓...
............▓8§.@.§......8▓.▓....
............▓8..§§§§.....8▓......
............▓8888888888888▓▓▓▓▓▓▓
▓▓▓▓▓▓▓▓▓▓▓▓▓▓▓▓▓▓▓▓▓▓▓▓▓▓▓▓▓▓▓▓▓
.....8©8........▓........8©8.....
))=[).)::)})|)}.▓.=.})}|=:|:..}=)
:.[..}."):)):):.▓.)|?)[))|}|:).)}
.:}[)|:)))[)....▓.[|..[}[)=)"}|).
........[.....).▓....††..)}.[†[..


There were no monsters in sight!

Vanquished Creatures
  34 pandemonium lords (D)
  A juggernaut (shapeshifter) (D)
  An ancient lich (D)
  3 greater mummies (D)
  A shard shrike (shapeshifter) (D)
  A hellephant (shapeshifter) (D)
  2 Tzitzimimeh (D)
  A tentacled monstrosity (D)
  6 liches (D)
  4 deep elf blademasters (D)
  A titan (shapeshifter) (D)
  2 Orb Guardians (D)
  6 deep elf master archers (D)
  A quicksilver dragon (shapeshifter) (D)
  Polyphemus (D)
  A kraken (D)
  5 shadow dragons (D)
  A draconian monk (D)
  A warmonger (D)
  3 fire giants (D)
  5 nagarajas (D)
  An iron dragon (shapeshifter) (D)
  A draconian scorcher (D)
  A cacodemon (D)
  3 deep elf sorcerers (D)
  3 draconian shifters (D)
  A draconian zealot (D)
  A draconian caller (D)
  A draconian annihilator (D)
  6 stone giants (D)
  An entropy weaver (shapeshifter) (D)
  5 vampire knights (D)
  7 black draconians (D)
  7 green draconians (D)
  2 bennus (D)
  8 mottled draconians (D)
  A black sun (D)
  A dire elephant (D)
  A lorocyproca (D)
  6 red draconians (D)
  5 white draconians (D)
  3 purple draconians (D)
  7 deep elf annihilators (D)
  6 yellow draconians (D)
  2 blizzard demons (D)
  A merfolk javelineer (D)
  A green death (D)
  4 merfolk impalers (D)
  5 mummy priests (D)
  5 deep elf high priests (D)
  Harold (D)
  A great orb of eyes (shapeshifter) (D)
  2 great orbs of eyes (D)
  A yaktaur captain (D)
  2 naga warriors (D)
  28 vault guards (D)
  2 spriggan air magi (D)
  5 anacondas (D)
  A satyr (D)
  A merfolk aquamancer (D)
  4 dancing weapons (D)
  A death yak (shapeshifter) (D)
  A vampire mage (D)
  An orc high priest (D)
  A thrashing horror (D)
  Sonja (D)
  7 deep elf knights (D)
  4 spriggan berserkers (D)
  A sixfirhy (D)
  A wretched star (D)
  3 skeletal warriors (D)
  3 sea snakes (D)
  2 spriggan druids (D)
  A gelid demonspawn (D)
  A shadow demon (D)
  A deep troll (shapeshifter) (D)
  A glowing orange brain (D)
  A necromancer (D)
  A hill giant (D)
  3 shambling mangroves (D)
  A hill giant (shapeshifter) (D)
  A swamp dragon (shapeshifter) (D)
  5 deep elf archers (D)
  A wolf spider (shapeshifter) (D)
  5 cyclopes (D)
  A mana viper (shapeshifter) (D)
  A manticore (shapeshifter) (D)
  An ugly thing (D)
  A shining eye (D)
  8 draconians (D)
  An orc sorcerer (D)
  13 deep elf magi (D)
  2 manticores (D)
  3 large abominations (D)
  A moth of wrath (shapeshifter) (D)
  A cyclops (shapeshifter) (D)
  5 guardian serpents (D)
  2 elephants (shapeshifter) (D)
  2 water nymphs (D)
  2 sirens (D)
  An eye of devastation (shapeshifter) (D)
  9 black mambas (D)
  A rust devil (D)
  7 naga magi (D)
  A smoke demon (D)
  A hellion (D)
  3 orange demons (D)
  A rime drake (shapeshifter) (D)
  3 yaktaurs (D)
  An ice devil (D)
  2 red devils (D)
  2 tormentors (D)
  3 guardian mummies (D)
  6 two-headed ogres (D)
  3 merfolk (shapeshifter) (D)
  8 merfolk (D)
  2 slime creatures (D)
  2 trolls (D)
  A dream sheep (shapeshifter) (D)
  A wind drake (D)
  6 hornets (D)
  2 snapping turtles (shapeshifter) (D)
  A raiju (D)
  A hippogriff (shapeshifter) (D)
  4 flying skulls (D)
  3 shadows (D)
  A tarantella (D)
  A water elemental (D)
  A redback (shapeshifter) (D)
  A wraith (D)
  5 ushabtiu (D)
  3 yaks (D)
  5 air elementals (D)
  2 hogs (shapeshifter) (D)
  2 fire elementals (D)
  A golden eye (shapeshifter) (D)
  3 golden eyes (D)
  A chaos spawn (D)
  2 neqoxecs (D)
  Menkaure (D)
  A swamp worm (shapeshifter) (D)
  5 nagas (D)
  3 insubstantial wisps (D)
  A soldier ant (shapeshifter) (D)
  5 water moccasins (D)
  A floating eye (shapeshifter) (D)
  A small abomination (D)
  A floating eye (D)
  Duvessa (D)
  An orc warrior (D)
  A sky beast (D)
  2 eyes of draining (D)
  An ogre (D)
  A necrophage (D)
  A wolf (shapeshifter) (D)
  An earth elemental (D)
  A scorpion (D)
  3 wights (D)
  A crimson imp (D)
  A quasit (D)
  2 iron imps (D)
  5 jellies (D)
  An orc priest (D)
  2 orc wizards (D)
  8 mummies (D)
  6 adders (D)
  5 shadow imps (D)
  4 white imps (D)
  2 ufetubi (D)
  4 oozes (D)
  An adder skeleton (D)
  An adder zombie (D)
  3 orcs (D)
  3 bat skeletons (D)
  5 ball pythons (D)
  A ball python zombie (D)
  A giant cockroach zombie (D)
  A jackal skeleton (D)
  2 quokka zombies (D)
  2 butterflies (D)
  2 tentacles (D)
515 creatures vanquished.

Vanquished Creatures (collateral kills)
  A white draconian (D)
  A great orb of eyes (D)
  A spriggan druid (D)
  2 draconians (D)
  A dryad (D)
  A golden eye (D)
7 creatures vanquished.

Vanquished Creatures (others)
  Kirke (D)
  Agnes (D)
  Snorg (D)
  A spatial maelstrom (D)
  Pikel (D)
  A cyclops (D)
  Joseph (D)
  Edmund (D)
  2 centaurs (D)
  An adder (D)
  4 tentacles (D)
15 creatures vanquished.

Grand Total: 537 creatures vanquished

Notes
Turn   | Place    | Note
-------+----------+-------------------------------------------
     0 | D        | Loading the High Elf Fighter began the quest for the Orb.
     0 | D        | Reached XP level 1. HP: 16/16 MP: 2/2
     0 | D        | Banished a spatial maelstrom
     3 | D        | Found a blossoming altar of Fedhas.
     6 | D        | Found a deep blue altar of Sif Muna.
     6 | D        | Found a sacrificial altar of Ru.
     6 | D        | Found a bloodstained altar of Trog.
     6 | D        | Found a stormy altar of Qazlal.
     6 | D        | Found an iron altar of Okawaru.
     6 | D        | Found a sparkling altar of Nemelex Xobeh.
     8 | D        | Found an ancient bone altar of Kikubaaqudgha.
     8 | D        | Found a viscous altar of Jiyva.
     8 | D        | Found a corrupted altar of Lugonu.
     8 | D        | Found a hazy altar of Hepliaklqana.
     8 | D        | Found a burning altar of Makhleb.
     8 | D        | Found an opulent altar of Gozag.
    76 | D        | Became a worshipper of Qazlal Stormbringer
    80 | D        | Reached XP level 2. HP: 21/21 MP: 3/3
   122 | D        | Entered arena 1.
   122 | D        | Noticed a tarantella
   122 | D        | Noticed a scorpion
   128 | D        | Killed a tarantella
   128 | D        | Reached skill level 10 in Long Blades
   128 | D        | Reached XP level 3. HP: 16/27 MP: 3/7
   128 | D        | Reached XP level 4. HP: 19/33 MP: 3/8
   128 | D        | Reached XP level 5. HP: 22/37 MP: 3/9
   132 | D        | Reached skill level 5 in Invocations
   364 | D        | Entered arena 2.
   364 | D        | Noticed an eye of draining
   367 | D        | Reached * piety under Qazlal
   373 | D        | Killed an eye of draining
   373 | D        | Reached skill level 5 in Fighting
   373 | D        | Reached XP level 6. HP: 45/45 MP: 0/11
   564 | D        | Entered arena 3.
   564 | D        | Noticed a soldier ant
   564 | D        | Noticed a human
   564 | D        | Noticed a fire bat
   564 | D        | Noticed a white ugly thing
   564 | D        | a fire bat changed into a wolf
   568 | D        | Noticed a fire bat
   568 | D        | a human changed into a fire bat
   570 | D        | Killed a white ugly thing
   570 | D        | Reached ** piety under Qazlal
   570 | D        | Reached skill level 5 in Armour
   570 | D        | Reached skill level 5 in Dodging
   570 | D        | Reached skill level 5 in Shields
   570 | D        | Reached XP level 7. HP: 52/52 MP: 11/14
   571 | D        | Noticed a rime drake
   571 | D        | a fire bat changed into a rime drake
   573 | D        | Killed a rime drake
   573 | D        | Reached XP level 8. HP: 55/58 MP: 11/15
   603 | D        | Entered arena 4.
   605 | D        | Reached *** piety under Qazlal
   614 | D        | Entered arena 5.
   614 | D        | Noticed a draconian
   614 | D        | Noticed a draconian
   614 | D        | Noticed a draconian
   614 | D        | Noticed a mottled draconian
   614 | D        | Noticed a draconian
   633 | D        | Killed a mottled draconian
   633 | D        | Reached **** piety under Qazlal
   633 | D        | Reached skill level 10 in Invocations
   633 | D        | Reached XP level 9. HP: 45/64 MP: 16/18
   638 | D        | Killed a draconian
   643 | D        | Killed a draconian
   653 | D        | Killed a draconian
   658 | D        | Killed a draconian
   658 | D        | Reached skill level 15 in Long Blades
   978 | D        | Entered arena 6.
   989 | D        | Reached ***** piety under Qazlal
   989 | D        | Reached XP level 10. HP: 44/73 MP: 18/20
  1257 | D        | Entered arena 7.
  1370 | D        | Got the ring "Onyvumu" {Ice MR+++ Str-3 Dex+4}
  1376 | D        | Entered arena 8.
  1380 | D        | Reached ****** piety under Qazlal
  1513 | D        | Entered arena 9.
  1513 | D        | Noticed a cyclops
  1513 | D        | Noticed a cyclops
  1515 | D        | Killed a cyclops
  1515 | D        | Killed a cyclops
  1597 | D        | Entered arena 10.
  1597 | D        | Noticed a green draconian
  1597 | D        | Noticed a draconian
  1597 | D        | Noticed a draconian
  1597 | D        | Noticed a draconian
  1597 | D        | Noticed a white draconian
  1597 | D        | Noticed a mottled draconian
  1597 | D        | Noticed a draconian
  1597 | D        | Noticed a draconian
  1597 | D        | Noticed a draconian
  1599 | D        | Killed a draconian
  1599 | D        | Killed a draconian
  1599 | D        | Reached skill level 10 in Dodging
  1599 | D        | Killed a green draconian
  1599 | D        | Reached XP level 11. HP: 71/81 MP: 22/22
  1599 | D        | Reached skill level 10 in Fighting
  1609 | D        | Killed a mottled draconian
  1615 | D        | Killed a white draconian
  1615 | D        | Reached skill level 15 in Invocations
  1882 | D        | Entered arena 11.
  1882 | D        | Noticed a thrashing horror
  1883 | D        | Noticed a lich
  1883 | D        | Noticed a wretched star
  1885 | D        | Noticed a phantasmal warrior
  1885 | D        | Killed a thrashing horror
  1885 | D        | Reached skill level 10 in Armour
  1885 | D        | Killed a wretched star
  1885 | D        | Reached skill level 10 in Shields
  1888 | D        | Noticed a phantasmal warrior
  1897 | D        | Killed a lich
  1897 | D        | Reached XP level 12. HP: 68/90 MP: 17/24
  2082 | D        | Entered arena 12.
  2082 | D        | Noticed a white draconian
  2082 | D        | Noticed a purple draconian
  2082 | D        | Noticed an Orb Guardian
  2082 | D        | Noticed a red draconian
  2082 | D        | Noticed an Orb Guardian
  2083 | D        | Noticed a white draconian
  2083 | D        | Noticed a tentacled monstrosity
  2083 | D        | Noticed a mottled draconian
  2083 | D        | Noticed a white draconian
  2083 | D        | Noticed a white draconian annihilator
  2083 | D        | Noticed a mottled draconian
  2084 | D        | Killed an Orb Guardian
  2084 | D        | Killed a purple draconian
  2084 | D        | Killed a mottled draconian
  2084 | D        | Killed a white draconian
  2094 | D        | Killed a red draconian
  2099 | D        | Killed a white draconian
  2099 | D        | Killed a white draconian annihilator
  2101 | D        | Killed a tentacled monstrosity
  2104 | D        | Killed an Orb Guardian
  2110 | D        | Killed a mottled draconian
  2110 | D        | Reached XP level 13. HP: 34/98 MP: 20/26
  2122 | D        | Killed a white draconian
  2482 | D        | Entered arena 13.
  2483 | D        | Noticed Agnes
  2483 | D        | Noticed Edmund
  2483 | D        | Noticed Snorg
  2483 | D        | Noticed Pikel
  2483 | D        | Noticed Polyphemus
  2484 | D        | Noticed Kirke
  2484 | D        | Noticed Joseph
  2485 | D        | Noticed Harold
  2486 | D        | Noticed Sonja
  2487 | D        | Noticed Duvessa
  2489 | D        | Noticed Menkaure
  2489 | D        | Killed Pikel
  2491 | D        | Killed Snorg
  2496 | D        | Killed Agnes
  2497 | D        | Killed Edmund
  2500 | D        | Killed Sonja
  2500 | D        | Killed Kirke
  2503 | D        | Killed Harold
  2509 | D        | Killed Polyphemus
  2511 | D        | Killed Duvessa
  2512 | D        | Killed Menkaure
  2513 | D        | Killed Joseph
  2551 | D        | Entered arena 14.
  2553 | D        | Identified a +4 rod of shadows (4/9)
  2848 | D        | Entered arena 15.
  3151 | D        | Entered arena 16.
  3169 | D        | Gained mutation: Your body sometimes deteriorates upon taking damage. [a neqoxec]
  3184 | D        | Gained mutation: Your magical capacity is low. (-10% MP) [a neqoxec]
  3602 | D        | Entered arena 17.
  3604 | D        | Noticed a stone giant
  3604 | D        | Noticed a fire giant
  3605 | D        | Noticed a stone giant
  3606 | D        | Noticed a fire giant
  3606 | D        | Noticed a fire giant
  3607 | D        | Killed a stone giant
  3607 | D        | Killed a fire giant
  3607 | D        | Reached XP level 14. HP: 104/107 MP: 26/26
  3607 | D        | Killed a fire giant
  3607 | D        | Killed a stone giant
  3617 | D        | Killed a fire giant
  3715 | D        | Entered arena 18.
  3720 | D        | Reached skill level 15 in Dodging
  3811 | D        | Entered arena 19.
  3811 | D        | Noticed a vampire knight
  3812 | D        | Noticed a vampire knight
  3819 | D        | Noticed a lich
  3820 | D        | Noticed a lich
  3820 | D        | Noticed a vampire knight
  3821 | D        | Noticed a vampire knight
  3824 | D        | Noticed a vampire knight
  3828 | D        | Killed a vampire knight
  3828 | D        | Killed a vampire knight
  3828 | D        | Reached skill level 15 in Fighting
  3828 | D        | Killed a vampire knight
  3828 | D        | Killed a vampire knight
  3830 | D        | Killed a lich
  3831 | D        | Killed a vampire knight
  3832 | D        | Killed a lich
  4134 | D        | Entered arena 20.
  4138 | D        | Noticed a kraken
  4140 | D        | Reached XP level 15. HP: 103/116 MP: 28/28
  4161 | D        | Killed a kraken
  4295 | D        | Entered arena 21.
  4299 | D        | Noticed a greater mummy
  4300 | D        | Noticed a greater mummy
  4300 | D        | Noticed a greater mummy
  4302 | D        | Reached skill level 15 in Armour
  4303 | D        | Reached skill level 15 in Shields
  4309 | D        | Killed a greater mummy
  4309 | D        | Killed a greater mummy
  4309 | D        | Killed a greater mummy
  4678 | D        | Entered arena 22.
  4683 | D        | Noticed a glowing shapeshifter
  4683 | D        | Noticed a glowing shapeshifter
  4683 | D        | Noticed a shard shrike
  4683 | D        | a glowing shapeshifter changed into a shard shrike
  4684 | D        | Noticed a hellephant
  4684 | D        | Noticed a shadow dragon
  4684 | D        | Noticed a juggernaut
  4684 | D        | a hellephant changed into a juggernaut
  4684 | D        | Noticed a quicksilver dragon
  4684 | D        | a shadow dragon changed into a quicksilver dragon
  4684 | D        | Noticed a hellephant
  4684 | D        | a glowing shapeshifter changed into a hellephant
  4685 | D        | Noticed a titan
  4686 | D        | Noticed a juggernaut
  4686 | D        | Killed a quicksilver dragon
  4686 | D        | Reached skill level 27 in Long Blades
  4686 | D        | Reached XP level 16. HP: 126/126 MP: 28/29
  4686 | D        | Killed a hellephant
  4686 | D        | Killed a juggernaut
  4686 | D        | Killed a titan
  4686 | D        | Noticed a titan
  4686 | D        | a shard shrike changed into a titan
  4687 | D        | Noticed a hellephant
  4687 | D        | a titan changed into a hellephant
  4689 | D        | Noticed a shard shrike
  4689 | D        | a juggernaut changed into a shard shrike
  4693 | D        | a hellephant changed into an iron dragon
  4696 | D        | Killed a shard shrike
  4944 | D        | Entered arena 23.
  4953 | D        | Reached skill level 27 in Invocations
  4953 | D        | Reached XP level 17. HP: 109/138 MP: 30/32
  4954 | D        | Identified a +4 rod of inaccuracy (7/10)
  5317 | D        | Entered arena 24.
  5324 | D        | Noticed a lich
  5325 | D        | Noticed an ancient lich
  5325 | D        | Noticed a lich
  5325 | D        | Noticed a lich
  5326 | D        | Killed a lich
  5326 | D        | Killed a lich
  5326 | D        | Killed an ancient lich
  5328 | D        | Killed a lich
  5328 | D        | Reached XP level 18. HP: 153/153 MP: 25/32
  5537 | D        | Entered arena 25.
  5545 | D        | Noticed Zuvel the pandemonium lord
  5545 | D        | Noticed Kanah the pandemonium lord
  5545 | D        | Noticed a Tzitzimitl
  5545 | D        | Noticed Dipsois the pandemonium lord
  5545 | D        | Noticed Xotriuq the pandemonium lord
  5545 | D        | Noticed Faeg the pandemonium lord
  5545 | D        | Noticed Yfavogrolee the pandemonium lord
  5545 | D        | Noticed Zithojoa the pandemonium lord
  5545 | D        | Noticed a Tzitzimitl
  5546 | D        | Noticed Boafabavy the pandemonium lord
  5546 | D        | Noticed Etwunut the pandemonium lord
  5546 | D        | Noticed Zasirch the pandemonium lord
  5546 | D        | Noticed Leh Caum the pandemonium lord
  5546 | D        | Killed Yfavogrolee the pandemonium lord
  5546 | D        | Killed Kanah the pandemonium lord
  5546 | D        | Killed a Tzitzimitl
  5546 | D        | Killed Zithojoa the pandemonium lord
  5546 | D        | Killed Zuvel the pandemonium lord
  5546 | D        | Killed Faeg the pandemonium lord
  5547 | D        | Noticed Viodacush the pandemonium lord
  5548 | D        | Noticed Pukk the pandemonium lord
  5548 | D        | Noticed Gimit the pandemonium lord
  5548 | D        | Noticed Ryukk the pandemonium lord
  5548 | D        | Noticed Awniuj the pandemonium lord
  5548 | D        | Noticed Iletong the pandemonium lord
  5548 | D        | Killed Etwunut the pandemonium lord
  5548 | D        | Killed Leh Caum the pandemonium lord
  5548 | D        | Killed a Tzitzimitl
  5548 | D        | Reached skill level 27 in Dodging
  5548 | D        | Killed Boafabavy the pandemonium lord
  5548 | D        | Killed Zasirch the pandemonium lord
  5549 | D        | Noticed Ysamor the pandemonium lord
  5549 | D        | Noticed Lizoczus the pandemonium lord
  5549 | D        | Noticed Ighaq the pandemonium lord
  5549 | D        | Noticed Ceraerhi the pandemonium lord
  5549 | D        | Noticed Soefim the pandemonium lord
  5549 | D        | Noticed Xashrit the pandemonium lord
  5550 | D        | Noticed Xitiukem the pandemonium lord
  5554 | D        | Noticed a tentacled monstrosity
  5554 | D        | Noticed a tentacled monstrosity
  5560 | D        | Noticed a tentacled monstrosity
  5561 | D        | Killed Dipsois the pandemonium lord
  5561 | D        | Killed Xotriuq the pandemonium lord
  5561 | D        | Reached XP level 19. HP: 86/168 MP: 20/33
  5561 | D        | Killed Ryukk the pandemonium lord
  5561 | D        | Killed Pukk the pandemonium lord
  5561 | D        | Reached skill level 27 in Fighting
  5561 | D        | Killed Lizoczus the pandemonium lord
  5562 | D        | Noticed Qirudd the pandemonium lord
  5562 | D        | Noticed Meux the pandemonium lord
  5562 | D        | Noticed Waepesuz the pandemonium lord
  5562 | D        | Noticed Migee the pandemonium lord
  5562 | D        | Noticed Wohitsaa the pandemonium lord
  5562 | D        | Noticed Vumnaul the pandemonium lord
  5562 | D        | Noticed Nahus the pandemonium lord
  5563 | D        | Noticed Fusoteta the pandemonium lord
  5563 | D        | Killed Gimit the pandemonium lord
  5563 | D        | Killed Xashrit the pandemonium lord
  5563 | D        | Reached skill level 27 in Armour
  5563 | D        | Reached skill level 27 in Shields
  5563 | D        | Killed Vumnaul the pandemonium lord
  5563 | D        | Killed Awniuj the pandemonium lord
  5563 | D        | Reached skill level 15 in Stealth
  5563 | D        | Killed Ceraerhi the pandemonium lord
  5563 | D        | Killed Waepesuz the pandemonium lord
  5564 | D        | Noticed Neucuroz the pandemonium lord
  5565 | D        | Killed Migee the pandemonium lord
  5565 | D        | Killed Xitiukem the pandemonium lord
  5565 | D        | Killed Meux the pandemonium lord
  5565 | D        | Killed Qirudd the pandemonium lord
  5565 | D        | Killed Ighaq the pandemonium lord
  5565 | D        | Reached XP level 20. HP: 92/177 MP: 22/34
  5565 | D        | Killed Iletong the pandemonium lord
  5565 | D        | Killed Ysamor the pandemonium lord
  5565 | D        | Reached skill level 27 in Stealth
  5566 | D        | Killed Wohitsaa the pandemonium lord
  5566 | D        | Reached skill level 10 in Evocations
  5566 | D        | Killed Fusoteta the pandemonium lord
  5566 | D        | Killed Neucuroz the pandemonium lord
  5571 | D        | Killed Nahus the pandemonium lord
  5573 | D        | Noticed Veulext the pandemonium lord
  5575 | D        | Killed Viodacush the pandemonium lord
  5576 | D        | Killed Veulext the pandemonium lord
  5592 | D        | Killed Soefim the pandemonium lord
  6211 | D        | Got the +3 pair of gloves of the Stag {rCorr SInv}
  6244 | D        | Got the ring of New Discoveries {rCorr +Blink rElec rF- SInv}
  6273 | D        | Entered arena 26.
  6282 | D        | Reached skill level 1 in Spellcasting
  6282 | D        | Reached skill level 5 in Spellcasting
  6294 | D        | Reached skill level 10 in Spellcasting
  6430 | D        | Got the amulet "Naogaodda" {*Drain rC+ Regen+ Str+2}
  6447 | D        | Entered arena 27.
  6458 | D        | Reached XP level 21. HP: 178/183 MP: 34/36
  6458 | D        | Reached skill level 15 in Spellcasting
  6458 | D        | Reached skill level 27 in Evocations
  6713 | D        | Got the Orb of Zot
  6718 | D        | Escaped with the Orb!

Vault maps used:
D:        sprint_v

Skill      XL: |  1  2  3  4  5  6  7  8  9 10 11 12 13 14 15 16 17 18 19 20 21 |
---------------+----------------------------------------------------------------+-----
Long Blades    | 9 10 11 12 13 14 15 17 18 20 22 24 27 | 27.0
Fighting       | 4 5 6 7 8 9 11 12 13 15 17 19 23 26 27 | 27.0
Armour         | 3 4 5 6 7 9 10 11 12 14 16 18 21 24 27 | 27.0
Dodging        | 3 4 5 6 7 8 10 11 13 14 16 18 21 24 27 | 27.0
Shields        | 3 4 5 6 7 9 10 11 12 14 15 18 21 24 27 | 27.0
Invocations    | 4 6 8 9 10 12 14 15 17 19 22 24 27 | 27.0
Stealth        | 24 27 | 27.0
Evocations     | 26 27 | 27.0
Spellcasting   | 14 25 | 25.8

Action                   |  1- 3 |  4- 6 |  7- 9 | 10-12 | 13-15 | 16-18 | 19-21 || total
-------------------------+-------+-------+-------+-------+-------+-------+-------++-------
Melee: Double sword      |     5 |    19 |    59 |    74 |   129 |    47 |    30 ||   363
Invok: Disaster Area     |       |       |       |     5 |    13 |     7 |    10 ||    35
       Elemental Force   |       |       |       |       |     1 |       |       ||     1
       Upheaval          |       |       |       |       |     2 |       |     4 ||     6
  Use: Potion            |     2 |     2 |     1 |     2 |     8 |     1 |     2 ||    18
       Scroll            |       |       |       |       |     8 |       |     1 ||     9
 Stab: Invisible         |       |     2 |     2 |       |    11 |       |       ||    15
       Distracted        |       |       |       |       |     1 |       |       ||     1
  Eat: Fruit             |       |       |    10 |       |    11 |       |       ||    21
       Royal jelly       |       |       |       |       |       |       |     3 ||     3
Armor: Gold dragon scale |     3 |     2 |    14 |    13 |    71 |    32 |     2 ||   137
Dodge: Dodged            |       |       |       |       |    19 |    11 |     5 ||    35
       Deflected         |       |       |       |       |     4 |     3 |       ||     7
Block: Shield            |     8 |    23 |   101 |    91 |   295 |   109 |    51 ||   678
       Reflection        |       |       |       |    19 |    21 |    10 |    16 ||    66
       Rpst.: Double sword |       |       |       |       |     4 |     4 |     1 ||     9
